 Dungeon Crawl Stone Soup version 0.32-a0-22-g6ae6769602 (webtiles) character file.

Game seed: 1039133672793415772

159486 seren the Metamorph (level 17, -2/190 HPs)
             Began as a Red Draconian Shapeshifter on Jan 16, 2024.
             Was the Champion of Nemelex Xobeh.
             Slain by a demonic crawler (23 damage)
             ... on level 4 of the Spider Nest on Jan 18, 2024.
             The game lasted 02:24:58 (38976 turns).

seren the Metamorph (Red Draconian Shapeshifter)   Turns: 38976, Time: 02:24:59

Health: -2/190     AC: 27    Str: 23 (24) XL:     17   Next: 16%
Magic:  24/24      EV: 18    Int: 10      God:    Nemelex Xobeh [******]
Gold:   742        SH: 17    Dex: 16      Spells: 16/16 levels left

rFire   + +          .
                       - Unarmed
rCold   + . .        y - +2 kite shield {rC+ rF+}
rNeg    + . .        (body armour unavailable)
rPois   ∞            (helmet restricted)
rElec   +            d - +0 cloak
rCorr   .            G - melded +2 pair of gloves {hurl}
SInv    +            J - melded +0 pair of boots
Will    +....        W - amulet of reflection
Stlth   +++++        o - ring "Boyjyef" {rElec Str+6 Stlth+}
HPRegen 0.51/turn    E - ring of see invisible
MPRegen 0.19/turn

%: reflection
@: statue-form, on berserk cooldown, slowed, very slow
A: slow and powerful, torment resistance 1, boosted hp, (breathe fire), AC +9,
unfitting armour, fire resistance 1, cold-blooded, weak 1
a: Begin Untransformation, Renounce Religion, Draw Escape, Draw Destruction,
Draw Summoning, Triple Draw, Deal Four, Stack Five


You were on level 4 of the Spider Nest.
You worshipped Nemelex Xobeh.
Nemelex Xobeh was exalted by your worship.
You were a living statue of rough stone.
You visited 6 branches of the dungeon, and saw 29 of its levels.
You visited 1 bazaar.
You also visited: Ossuary and Bailey.

You collected 2821 gold pieces.
You spent 2079 gold pieces at shops.

Inventory:

Hand Weapons
 l - the +8 falchion "Asitwein" {protect, Will+}
   (You found it on level 10 of the Dungeon)

   Will+:     It increases your willpower.
Missiles
 I - 4 poisoned darts
 T - 9 curare-tipped darts (quivered)
Armour
 d - a +0 cloak (worn)
 y - a +2 kite shield of resistance (worn)
 G - a +2 pair of gloves of hurling (melded)
 J - a +0 pair of boots (melded)
Jewellery
 a - the ring of Duipipt {rF+ Str+6}
   (You bought it in a shop in a bazaar)

   [ring of strength]

   Str+6:     It affects your strength (+6).
   rF+:       It protects you from fire.
 f - a +4 ring of protection
 o - the ring "Boyjyef" (left fist) {rElec Str+6 Stlth+}
   (You bought it in a shop in a bazaar)

   [ring of strength]

   Str+6:     It affects your strength (+6).
   rElec:     It insulates you from electricity.
   Stlth+:    It makes you more stealthy.
 q - a ring of resist corrosion
 A - a ring of protection from fire
 E - a ring of see invisible (right fist)
 K - a ring of flight
 W - an amulet of reflection (around neck)
Talismans
 c - a flux talisman
 k - a granite talisman (active)
 n - a blade talisman
 M - the serpent talisman of Cytabebb {*Slow rElec rC+ Slay+3}
   (You found it on level 9 of the Dungeon)

   [serpent talisman]

   Slay+3:    It affects your accuracy & damage with ranged weapons and melee
   (+3).
   rC+:       It protects you from cold.
   rElec:     It insulates you from electricity.
   *Slow:     It may slow you when you take damage.
Wands
 r - a wand of flame (12)
 u - a wand of mindburst (8)
 B - a wand of polymorph (2)
 L - a wand of iceblast (19)
Scrolls
 b - a scroll of vulnerability
 e - 5 scrolls of poison
 h - 5 scrolls of silence
 i - a scroll of summoning
 m - 6 scrolls of teleportation {!r}
 p - 12 scrolls of fear
 s - 2 scrolls of revelation
 v - a scroll of fog
 N - a scroll of torment
 O - a scroll of enchant weapon
 P - 6 scrolls of amnesia
 R - 3 scrolls of blinking {!r}
 Z - a scroll of acquirement
Potions
 g - a potion of haste
 j - 2 potions of invisibility
 t - 3 potions of berserk rage
 w - 4 potions of enlightenment
 x - 9 potions of might
 z - a potion of heal wounds
 C - a potion of mutation {!q}
 D - a potion of cancellation
 F - 7 potions of curing
 H - 6 potions of brilliance
 Q - a potion of magic
 S - a potion of ambrosia
 V - 4 potions of resistance
 Y - 5 potions of lignification


   Skills:
 + Level 14.4 Fighting
 + Level 13.2 Dodging
 + Level 7.7 Stealth
 * Level 4.6 Shields
 + Level 14.5 Unarmed Combat
 + Level 10.1 Invocations
 - Level 4.0 Evocations
 * Level 15.5 Shapeshifting


You had 16 spell levels left.
You didn't know any spells.
Your spell library contained the following spells:

 Spells                   Type           Power      Damage    Failure   Level
 Freeze                   Ice            0%         1d3       63%         1
 Kiss of Death            Conj/Necr      0%         2d5       63%         1
 Magic Dart               Conj           0%         1d3       63%         1
 Necrotise                Necr           0%         1d4       63%         1
 Sandblast                Erth           0%         2d4       63%         1
 Sting                    Conj/Alch      0%         1d3       63%         1
 Summon Small Mammal      Summ           0%         N/A       63%         1
 Blink                    Tloc           0%         N/A       77%         2
 Call Imp                 Summ           0%         N/A       77%         2
 Mercury Vapours          Alch/Air       0%         N/A       77%         2
 Call Canine Familiar     Summ           0%         N/A       94%         3
 Confusing Touch          Hex            0%         N/A       94%         3
 Frozen Ramparts          Ice            0%         1d1       94%         3
 Gell's Gravitas          Tloc           0%         N/A       94%         3
 Hailstorm                Conj/Ice       0%         3d5       94%         3
 Mephitic Cloud           Conj/Alch/Air  0%         N/A       94%         3
 Passwall                 Erth           0%         N/A       94%         3
 Stone Arrow              Conj/Erth      0%         3d7       94%         3
 Teleport Other           Tloc           0%         N/A       94%         3
 Brom's Barrelling Bould  Conj/Erth      0%         2d3       100%        4
 Cause Fear               Hex            0%         N/A       100%        4
 Dispel Undead            Necr           0%         3d6       100%        4
 Olgreb's Toxic Radiance  Alch           0%         N/A       100%        4
 Summon Blazeheart Golem  Fire/Summ      0%         N/A       100%        4
 Borgnjor's Vile Clutch   Necr/Erth      0%         N/A       100%        5
 Fireball                 Conj/Fire      0%         3d3       100%        5
 Freezing Cloud           Conj/Ice/Air   0%         6-21      100%        5
 Iskenderun's Battlesphe  Conj           0%         2d6       100%        5
 Lee's Rapid Deconstruct  Erth           0%         3d4*      100%        5
 Conjure Ball Lightning   Conj/Air       0%         3x3d6     100%        6
 Dispersal                Tloc           0%         N/A       100%        6
 Orb of Destruction       Conj           0%         9d5       100%        7
 Borgnjor's Revivificati  Necr           0%         N/A       100%        8
 Dragon's Call            Summ           0%         N/A       100%        9


Dungeon Overview and Level Annotations

Branches:
Dungeon (15/15)            Temple (1/1) D:7            Lair (5/5) D:10
 Shoals (2/4) Lair:2       Spider (4/4) Lair:3        Slime (0/5) Lair:5
    Orc (2/2) D:12            Elf (0/3) Orc:2        Vaults (0/5) D:13
Ossuary (visited)          Bailey (visited)
 Depths: D:15

Altars:
Ashenzari
Cheibriados
Dithmenos
Elyvilon
Fedhas
Gozag
Hepliaklqana
Kikubaaqudgha
Makhleb
Nemelex Xobeh
Okawaru
Qazlal
Ru
Sif Muna
Trog
Uskayaw
Vehumet
Wu Jian
Xom
Yredelemnul
Zin
The Shining One
Jiyva

Shops:
D:6 *   D:14 *   Orc:2 *((:   Shoals:2 *

Annotations:
D:14 4 runed translucent doors, Poteig's ghost, journeyman DrCj
Lair:5 1 runed translucent door
Shoals:1 Donald
Shoals:2 Ilsuiw
Spider:2 1 runed translucent door, shadizar's ghost, adept DjCj


Innate Abilities, Weirdness & Mutations

You are a living statue of rough stone.
Your actions are slow, but your melee attacks are powerful.
You are resistant to unholy torment.
Your maximum health is increased.
Your equipment is partially melded.
((You can breathe blasts of fire.))
((Your fiery red scales are hard. (AC +9)))
You cannot fit into any form of body armour.
You are immune to poison.
Your flesh is heat resistant. (rF+)
You are cold-blooded and may be slowed by cold attacks.
You are weak. (Str -2)


Message History

You are too berserk!
Okay, then.
You completely miss the culicivora. You tail-slap the culicivora!
The culicivora is moderately wounded.
You block the demonic crawler's attack. The demonic crawler closely misses you.
You block the demonic crawler's attack. The culicivora barely misses you.
The demonic crawler closely misses you. You block the demonic crawler's attack.
The demonic crawler hits you!
* * * LOW HITPOINT WARNING * * *
You punch the demonic crawler! You tail-slap the demonic crawler!!
The demonic crawler is moderately wounded.
The culicivora misses you. You block the demonic crawler's attack.
The demonic crawler closely misses you. You block the demonic crawler's attack.
You block the culicivora's attack.
You pummel the demonic crawler!!
The demonic crawler is heavily wounded.
You block the demonic crawler's attack. x2; The demonic crawler hits you.
* * * LOW HITPOINT WARNING * * *
The culicivora misses you. The demonic crawler barely misses you.
The demonic crawler hits you but does no damage. x2
You block the culicivora's attack.
A sun moth comes into view.
The culicivora attacks as it pursues you!
You block the culicivora's attack.
The demonic crawler rages.
The sun moth swoops through the air toward you!
The sun moth bites you.
* * * LOW HITPOINT WARNING * * *
You block the culicivora's attack.
You feel a strong urge to attack something.
The culicivora rages.
The demonic crawler attacks as it pursues you!
You block the demonic crawler's attack. The demonic crawler barely misses you.
The demonic crawler misses you.
A wolf spider comes into view.
You are no longer berserk.
You are exhausted.
You feel yourself slow down. The demonic crawler hits you!!
You die...
Your body glows with a rainbow of weird colours and disappears.

...... .s##. ...#
......###...##...#
##...#.^#..#.....#
....#.^..#.....#.#
#^..^.<#......#^.#
.....^.#.#B.......#
......#^.y......#.#
..##...##^.s#s##.##..#
#.#....#......8.†......#
##............#<........#
##...#...#^......^†^#.#..#
#........#..^^#..##......#
#....^..#.#....#.^......#
##.....##.....##...###...#
#..#...#.....#^.......#..#
#.....^...........##....^#
..#..#..#.†....#.........#


You could see a radroach, a demonic crawler (berserk) and a culicivora
(berserk).

Vanquished Creatures
  Frances (Shoals:2)
  Polyphemus (Shoals:1)
  Kirke (Lair:4)
  An emperor scorpion (Spider:3)
  A broodmother (Spider:1)
  Snorg (Orc:2)
  Josephine (Lair:5)
  A catoblepas (Lair:2)
  4 entropy weavers
  A jorogumo (Spider:2)
  8 hydras
  A merfolk aquamancer (Shoals:1)
  3 radroaches
  4 two-headed ogres
  6 boulder beetles
  3 centaur warriors
  A demonic crawler (Spider:2)
  6 death yaks
  3 tengu warriors
  A deep elf knight (D:13)
  5 orc high priests
  Sonja (Lair:4)
  2 skysharks
  5 pharaoh ants
  4 sea snakes
  4 orb spiders
  Pikel (D:8)
  A glowing orange brain (Lair:4)
  2 harpies (shapeshifter)
  A sun moth (Spider:2)
  2 orc knights
  A deep elf pyromancer (D:10)
  2 deep elf zephyrmancers (D:13)
  A steelbarb worm (Spider:3)
  22 ugly things
  3 oklob plants (Lair:4)
  7 wolf spiders
  6 manticores
  5 fauns
  3 orc sorcerers
  3 moths of wrath
  5 cyclopes
  6 meliai (Spider:2)
  8 elephants
  6 black mambas
  Joseph (D:7)
  A gargoyle (D:12)
  5 kobold blastminers
  An unseen horror (D:12)
  6 torpor snails
  9 rime drakes
  Maggie (D:9)
  15 cane toads
  A freezing wraith (D:15)
  3 tengu conjurers
  13 komodo dragons
  4 yaktaurs
  A wandering mushroom (Lair:4)
  An efreet (D:10)
  6 hornets (Lair:5)
  2 merfolk
  8 polar bears
  6 trolls
  A wind drake (Shoals:1)
  Grinder (D:3)
  20 tarantellas
  28 blink frogs
  3 snapping turtles
  8 dream sheep
  9 culicivoras
  20 jumping spiders
  5 slime creatures (D:14)
  A vampire (D:11)
  13 spriggans (Lair:5)
  7 water elementals
  4 shadows
  70 yaks
  5 wraiths
  10 wyverns
  6 basilisks
  5 wargs
  11 vampire mosquitoes
  3 steam dragons
  37 redbacks
  28 water moccasins
  3 acid dragons
  4 black bears
  28 orc warriors
  3 ice beasts
  5 ogres
  3 boggarts (Lair:5)
  34 wolves
  16 centaurs
  A lemure (D:8)
  2 phantoms
  2 kobold brigands (D:9)
  15 bullfrogs
  3 gnoll sergeants
  7 scorpions
  14 wights
  A burial acolyte (Ossuary)
  14 killer bees
  2 vampire bats (Lair:4)
  4 howler monkeys
  4 electric eels
  2 bombardier beetles (D:4)
  39 orc priests
  5 hounds
  A gnoll bouda (Bailey)
  2 iguanas
  Terence (D:2)
  2 sleepcaps
  41 orc wizards
  Natasha (thrice) (D:4)
  A mummy (Ossuary)
  13 gnolls
  11 adders
  2 shadow imps
  3 white imps
  9 ufetubi
  3 ribbon worms
  A dart slug (D:3)
  86 orcs
  13 bats
  6 endoplasms
  4 giant cockroaches
  12 goblins
  6 hobgoblins
  4 jackals
  17 kobolds
  3 quokkas
  6 ball pythons
  4 frilled lizards
  8 gnoll skeletons (Ossuary)
  4 kobold skeletons (Ossuary)
  8 orc skeletons (Ossuary)
  6 rats
1025 creatures vanquished.

Vanquished Creatures (collateral kills)
  A ghost moth (Spider:3)
  2 hydras
  A centaur warrior (D:13)
  A deep elf pyromancer (D:13)
  A yaktaur (D:13)
  2 tarantellas
  A redback (Spider:2)
  A black bear (Lair:5)
  A wolf (Lair:5)
  A centaur (D:13)
12 creatures vanquished.

Vanquished Creatures (others)
  A spark wasp (Spider:2)
  A human (Lair:4)
  A centaur (D:13)
  A shadow imp (D:7)
  An ufetubus (D:6)
5 creatures vanquished.

Grand Total: 1042 creatures vanquished

Notes
Turn   | Place    | Note
-------+----------+-------------------------------------------
     0 | D:1      | seren the Draconian Shapeshifter began the quest for the
                  | Orb.
     0 | D:1      | Reached XP level 1. HP: 16/16 MP: 1/1
   227 | D:1      | Reached XP level 2. HP: 23/23 MP: 2/2
  1118 | D:2      | Reached XP level 3. HP: 28/29 MP: 3/3
  1428 | D:2      | Noticed Terence
  2032 | D:3      | Reached XP level 4. HP: 35/36 MP: 4/4
  2090 | D:3      | Noticed Grinder
  2257 | D:4      | Noticed Natasha
  2274 | D:4      | Killed Natasha
  2275 | D:4      | Reached XP level 5. HP: 25/42 MP: 5/5
  2440 | D:4      | Found a blossoming altar of Fedhas.
  2467 | D:4      | Reached skill level 4 in Shapeshifting
  2504 | D:4      | Reached skill level 1 in Stealth
  2696 | D:4      | Noticed Natasha
  2765 | D:4      | Killed Natasha
  2766 | D:4      | Reached XP level 6. HP: 23/51 MP: 3/6
  2792 | D:4      | Noticed Natasha
  2798 | D:4      | Killed Natasha
  2830 | D:4      | Found a glowing silver altar of Zin.
  3062 | D:5      | Entered Level 5 of the Dungeon
  3177 | D:5      | Noticed an ice beast
  3289 | D:5      | Killed an ice beast
  3404 | D:5      | Your scales start taking on a fiery red colour.
  3404 | D:5      | Reached XP level 7. HP: 44/57 MP: 7/7
  3404 | D:5      | Gained mutation: Your flesh is heat resistant. (rF+) [Red
                  | Draconian growth]
  3475 | D:5      | Reached skill level 5 in Shapeshifting
  3848 | D:5      | Reached XP level 8. HP: 57/67 MP: 6/8
  4418 | D:6      | Found a sand-covered staircase.
  4426 | Ossuary  | Entered an ossuary
  4723 | Ossuary  | Reached skill level 5 in Unarmed Combat
  4729 | Ossuary  | Reached skill level 6 in Shapeshifting
  4938 | D:2      | Killed Terence
  4971 | D:2      | Reached skill level 1 in Evocations
  5255 | D:3      | Killed Grinder
  5256 | D:3      | Reached skill level 5 in Fighting
  6134 | D:6      | Reached XP level 9. HP: 73/74 MP: 9/9
  6271 | D:6      | Found Quagekkokk's General Store.
  6279 | D:6      | Bought a potion of heal wounds for 60 gold pieces
  6279 | D:6      | Bought a potion of curing for 36 gold pieces
  6279 | D:6      | Bought a potion of haste for 120 gold pieces
  6279 | D:6      | Bought a scroll of teleportation for 36 gold pieces
  6428 | D:6      | Reached skill level 5 in Dodging
  6428 | D:6      | Reached skill level 7 in Shapeshifting
  6827 | D:7      | Found a flagged portal.
  6844 | Bailey   | Entered a bailey
  7251 | D:7      | Found a sacrificial altar of Ru.
  7282 | D:7      | Noticed Joseph
  7296 | D:7      | Killed Joseph
  7508 | D:7      | Found a staircase to the Ecumenical Temple.
  7515 | Temple   | Entered the Ecumenical Temple
  7541 | Temple   | Became a worshipper of Nemelex Xobeh the Trickster
  7596 | Temple   | Reached XP level 10. HP: 84/84 MP: 8/10
  7714 | D:7      | Found a radiant altar of Vehumet.
  7714 | D:7      | Found a hide-covered altar of Uskayaw.
  7832 | D:7      | Reached skill level 1 in Invocations
  8684 | D:8      | Noticed Pikel
  9074 | D:9      | Reached * piety under Nemelex Xobeh
  9474 | D:9      | Received a gift from Nemelex Xobeh
  9745 | D:9      | Noticed Maggie
 10072 | D:9      | Killed Maggie
 10374 | D:9      | Reached XP level 11. HP: 71/94 MP: 11/13
 10374 | D:9      | Reached ** piety under Nemelex Xobeh
 10550 | D:9      | Noticed a two-headed ogre
 10563 | D:9      | Killed a two-headed ogre
 10747 | D:9      | Identified the serpent talisman of Cytabebb {*Slow rElec
                  | rC+ Slay+3}
 10863 | D:9      | Found an ornate altar of the Wu Jian Council.
 10863 | D:9      | Found a white marble altar of Elyvilon.
 10902 | D:10     | Entered Level 10 of the Dungeon
 11099 | D:10     | Noticed a deep elf pyromancer
 11130 | D:10     | Noticed a centaur warrior
 12130 | D:10     | Found a staircase to the Lair.
 12223 | Lair:1   | Entered Level 1 of the Lair of Beasts
 12232 | Lair:1   | Reached skill level 5 in Invocations
 12421 | Lair:1   | Reached skill level 10 in Unarmed Combat
 12521 | Lair:1   | Noticed a death yak
 12804 | D:11     | Found a frozen archway.
 12989 | D:11     | Noticed a two-headed ogre
 13002 | D:11     | Killed a two-headed ogre
 13107 | D:11     | Reached XP level 12. HP: 97/104 MP: 14/16
 13110 | D:11     | Reached *** piety under Nemelex Xobeh
 13295 | D:11     | Found a glowing silver altar of Zin.
 13295 | D:11     | Noticed an angel
 13443 | D:11     | Upgraded the game from 0.32-a0-18-g89e19f1974 to
                  | 0.32-a0-19-g28bc0835a1
 13603 | D:12     | Reached skill level 8 in Shapeshifting
 13833 | D:12     | Found a staircase to the Orcish Mines.
 14012 | D:12     | Received a gift from Nemelex Xobeh
 14489 | D:13     | Noticed a six-headed hydra
 14646 | D:10     | Killed a death yak
 14869 | Lair:1   | Reached skill level 5 in Stealth
 15062 | Lair:1   | Reached skill level 9 in Shapeshifting
 15281 | Lair:1   | Reached **** piety under Nemelex Xobeh
 15471 | Lair:2   | Received a gift from Nemelex Xobeh
 15529 | Lair:2   | Noticed a death yak
 15627 | Lair:2   | Reached skill level 10 in Fighting
 15932 | Lair:2   | Noticed a four-headed hydra
 15938 | Lair:2   | Killed a four-headed hydra
 15978 | Lair:2   | Noticed a catoblepas
 15992 | Lair:2   | Killed a catoblepas
 15993 | Lair:2   | Reached skill level 10 in Dodging
 15999 | Lair:2   | Reached XP level 13. HP: 100/113 MP: 18/18
 16574 | Lair:2   | Reached skill level 10 in Shapeshifting
 17141 | Lair:2   | Received a gift from Nemelex Xobeh
 17417 | Lair:2   | Found a staircase to the Shoals.
 18143 | Lair:3   | Reached skill level 11 in Shapeshifting
 18856 | Lair:3   | Found a hole to the Spider Nest.
 19086 | Lair:3   | Received a gift from Nemelex Xobeh
 19467 | Lair:3   | Reached XP level 14. HP: 120/124 MP: 17/19
 20157 | Lair:4   | Noticed Sonja
 20162 | Lair:4   | Killed Sonja
 20225 | Lair:4   | Received a gift from Nemelex Xobeh
 20408 | Lair:4   | Noticed Kirke
 20480 | Lair:5   | Entered Level 5 of the Lair of Beasts
 20851 | Lair:4   | Killed Kirke
 20880 | Lair:4   | Reached skill level 12 in Shapeshifting
 21314 | Lair:4   | Received a gift from Nemelex Xobeh
 22099 | Lair:5   | Noticed Josephine
 22119 | Lair:5   | Killed Josephine
 22767 | Lair:5   | Paralysed by a hornet for 3 turns
 23332 | Lair:4   | Upgraded the game from 0.32-a0-19-g28bc0835a1 to
                  | 0.32-a0-22-g6ae6769602
 23388 | Lair:5   | Reached ***** piety under Nemelex Xobeh
 23433 | Lair:5   | Found a runed translucent door.
 23435 | Lair:5   | Found a viscous altar of Jiyva.
 23438 | Lair:5   | Found a staircase to the Slime Pits.
 23438 | Lair:5   | Noticed an acid blob
 23629 | Lair:5   | Got the Folio of the Loathsome Tektite
 23702 | Lair:5   | Received a gift from Nemelex Xobeh
 23877 | Lair:5   | Reached XP level 15. HP: 113/134 MP: 17/21
 24004 | Lair:5   | Reached skill level 13 in Shapeshifting
 24625 | D:8      | Killed Pikel
 24630 | D:8      | Received a gift from Nemelex Xobeh
 25175 | Orc:1    | Entered Level 1 of the Orcish Mines
 25667 | Orc:2    | Entered Level 2 of the Orcish Mines
 26842 | Orc:2    | Received a gift from Nemelex Xobeh
 26851 | Orc:2    | Found Duohuzitai's Assorted Antiques.
 26852 | Orc:2    | Found Ofiloib's Antique Weapon Shop.
 26853 | Orc:2    | Found Zoipp's Book Shop.
 26860 | Orc:2    | Found Qevvulih's Antique Weapon Boutique.
 27007 | Orc:2    | Noticed Snorg
 27018 | Orc:2    | Killed Snorg
 27432 | Orc:2    | Received a gift from Nemelex Xobeh
 27554 | Orc:2    | Found a staircase to the Elven Halls.
 28595 | D:13     | Found a gate to the Vaults.
 29066 | D:14     | Received a gift from Nemelex Xobeh
 29162 | D:13     | Reached skill level 14 in Shapeshifting
 29463 | D:14     | Found a flickering gateway to a bazaar.
 29481 | Bazaar   | Entered a bazaar
 29501 | Bazaar   | Found Xuro's Weapon Shoppe.
 29529 | Bazaar   | Found Ositetyu's Book Emporium.
 29529 | Bazaar   | Found Ehoq Zish's Weapon Shoppe.
 29552 | Bazaar   | Found Zoissutu's Magic Scroll Shoppe.
 29558 | Bazaar   | Bought a scroll of identify for 24 gold pieces
 29583 | Bazaar   | Found Qips's Jewellery Emporium.
 29673 | Bazaar   | Bought the ring of Duipipt {rF+ Str+6} for 600 gold pieces
 29673 | Bazaar   | Bought a blade talisman for 360 gold pieces
 29673 | Bazaar   | Bought the ring "Boyjyef" {rElec Str+6 Stlth+} for 633 gold
                  | pieces
 29691 | Bazaar   | Bought a scroll of fear for 48 gold pieces
 29691 | Bazaar   | Bought a scroll of enchant armour for 90 gold pieces
 29691 | Bazaar   | Bought a scroll of teleportation for 36 gold pieces
 30511 | D:14     | Found a runed translucent gate.
 30511 | D:14     | Found a runed translucent gate.
 30513 | D:14     | Found a runed translucent gate.
 30513 | D:14     | Found an opulent altar of Gozag.
 30514 | D:14     | Noticed Poteig's ghost (journeyman DrCj)
 30516 | D:14     | Found Zekyr's Assorted Antiques.
 30573 | D:14     | Found a runed translucent door.
 30575 | D:14     | Noticed a sphinx
 30669 | D:14     | Reached skill level 1 in Shields
 31115 | D:15     | Entered Level 15 of the Dungeon
 31170 | D:15     | Identified the +7 shortbow of Urgency {freeze, rPois rC++
                  | Int-2}
 31218 | D:15     | Reached XP level 16. HP: 136/144 MP: 22/22
 31895 | D:10     | Identified the +8 falchion "Asitwein" {protect, Will+}
 33095 | Spider:1 | Entered Level 1 of the Spider Nest
 33350 | Spider:1 | Identified the +1 plate armour of the Earth {rPois rF+
                  | Will+}
 33427 | Spider:1 | Received a gift from Nemelex Xobeh
 33536 | Spider:1 | You fall into a shaft and drop 1 floor!
 33552 | Spider:1 | Identified a scroll of acquirement
 33954 | Spider:1 | Reached ****** piety under Nemelex Xobeh
 33954 | Spider:1 | Received a gift from Nemelex Xobeh
 34369 | Spider:2 | Received a gift from Nemelex Xobeh
 34370 | Spider:2 | Found a runed translucent door.
 34371 | Spider:2 | Noticed shadizar's ghost (adept DjCj)
 34771 | Spider:2 | Received a gift from Nemelex Xobeh
 35103 | Spider:2 | Gained mutation: You are weak. (Str -2) [mutagenic glow]
 35360 | Spider:2 | Reached skill level 15 in Shapeshifting
 36572 | Shoals:1 | Entered Level 1 of the Shoals
 36838 | Shoals:1 | Received a gift from Nemelex Xobeh
 37189 | Shoals:1 | Noticed Donald
 37263 | Shoals:2 | Noticed Polyphemus
 37268 | Shoals:1 | Killed Polyphemus
 37306 | Shoals:2 | Noticed Frances
 37418 | Shoals:2 | Killed Frances
 37433 | Shoals:2 | Found Bessofro's General Store.
 37443 | Shoals:2 | Bought a scroll of identify for 36 gold pieces
 37468 | Shoals:2 | Noticed Ilsuiw
 38198 | Spider:4 | Entered Level 4 of the Spider Nest
 38297 | Spider:3 | Reached XP level 17. HP: 152/152 MP: 24/24
 38408 | Spider:3 | Received a gift from Nemelex Xobeh
 38418 | Spider:3 | Noticed Bai Suzhen
 38423 | Spider:3 | Reached skill level 10 in Invocations
 38426 | Spider:3 | Bai Suzhen changed into Bai Suzhen the death yak
 38426 | Spider:3 | Noticed Bai Suzhen
 38429 | Spider:3 | Killed Bai Suzhen the death yak
 38920 | Spider:4 | Received a gift from Nemelex Xobeh
 38976 | Spider:4 | Slain by a demonic crawler

Illustrated notes

Levels and vault maps discovered:
D:1:      sevenhm_arrival_forest_fort_small_4, layout_basic
D:2:      layout_loops_ring, uniq_terence
D:3:      layout_basic, kennysheep_decorative_pillar, fountainhead, uniq_grinder
D:4:      layout_rooms, lemuel_doored_altar, lemuel_crystal_altar, uniq_natasha
D:5:      layout_basic, chequers_serial_rivers_small_b, serial_bayou_lake_a
D:6:      layout_rooms, serial_bayou, serial_bayou_pond_e,
          serial_bayou_crossing, serial_bayou_pond_a, serial_bayou_pond_d,
          serial_bayou_ford_a, chequers_ossuary_entry_cave, serial_shops, shop
D:7:      layout_cave_pools, nicolae_ru_great_annihilating_truth,
          jmf_multi_god_temple, minmay_temple_entry_trees,
          lightli_bailey_entry_fortress, nicolae_nh_ransacked_shop, uniq_joseph
D:8:      layout_cave_pools, dk_noncrumbling_4, uniq_pikel
D:9:      layout_grid_maze, gammafunk_temple_overflow_wave, uniq_maggie
D:10:     cheibrodos_elevator_heist, layout_rooms, erik_lair_dragon
D:11:     layout_basic, portal_ice_cave_rime, zin_angel
D:12:     layout_basic, kennysheep_orc_monster_closet_entryway
D:13:     layout_roguey, hangedman_vaults_entry_quadrant_bands, serial_glass,
          glass_columns_c, glass_columns_c, glass_columns_a, glass_columns_b,
          glass_columns_c, glass_columns_b, glass_columns_c, glass_columns_a
D:14:     layout_cave_pools, serial_shops, bzr_entry_islet, ebering_ghost_gozag,
          minmay_parallelograms, minmay_st_funbox,
          minmay_misc_feat_secret_circle
D:15:     gammafunk_enter_depths_forms, layout_rooms, uniq_agnes
Temple:   nicolae_temple_superstar
Lair:1:   layout_hall_layers
Lair:2:   nzn_winding_woodlands_stair_cross [nzn_winding_woodlands_5x15_eye,
          nzn_winding_woodlands_center_lodge, nzn_winding_woodlands_5x15_cabin,
          nzn_winding_woodlands_5x5_cross, nzn_winding_woodlands_5x5_open_star,
          nzn_winding_woodlands_5x15_pathside_ponds,
          nzn_winding_woodlands_center_diamonds,
          nzn_winding_woodlands_5x15_crooked], layout_loops_ring,
          minmay_shoals_entry_hut, st_stairs_4, nicolae_quartered_pool_medium,
          chequers_serial_rivers_room_a
Lair:3:   layout_roguey, nicolae_spider_entry_lesser_pyramids
Lair:4:   minmay_lair_oklob_chamber, layout_cave_pods, columned_hall_lemuel,
          roderic_batcave, minivault_19, uniq_kirke, uniq_sonja
Lair:5:   minmay_lair_end_enchanted_forest, layout_small_grid, slime_entry_2,
          serial_bayou_shore_b, grunt_megastairs_5, infiniplex_staircase_pool_2,
          uniq_josephine
Shoals:1: layout_shoals, uniq_donald
Shoals:2: layout_shoals, serial_shops, nicolae_book_shop_shelving,
          nicolae_shop_crystal, shop, uniq_frances, uniq_roxanne, uniq_ilsuiw,
          uniq_polyphemus
Spider:1: layout_cave_pods, spiders_nest_spider_trap
Spider:2: layout_cave_pods, ebering_ghost_inner_flame
Spider:3: layout_spider_delve, uniq_bai_suzhen
Spider:4: johnstein_spider_rune_arachne_lair, spiders_nest_hornet_nest,
          uniq_arachne, uniq_mlioglotl
Orc:1:    layout_diamond_mine, basic_altar
Orc:2:    st_orc_mages, layout_caves, uniq_snorg

Skill      XL: |  1  2  3  4  5  6  7  8  9 10 11 12 13 14 15 16 17 |
---------------+----------------------------------------------------+-----
Dodging        | 2 3 4 5 7 9 10 11 12 13 | 13.2
Fighting       | 2 3 4 5 6 7 9 10 11 12 13 14 | 14.4
Shapeshifting  | 4 5 6 7 9 11 12 14 15 | 15.5
Stealth        | 1 2 3 4 5 6 7 |  7.7
Unarmed Combat | 4 5 6 8 10 11 12 13 14 | 14.5
Evocations     | 2 4 |  4.0
Invocations    | 3 5 7 8 9 10 | 10.1
Shields        | 1 4 |  4.6

Action                     |  1- 3 |  4- 6 |  7- 9 | 10-12 | 13-15 | 16-18 || total
---------------------------+-------+-------+-------+-------+-------+-------++-------
  Melee: Unarmed           |   125 |   125 |   439 |  1004 |  1833 |   465 ||  3991
         Tailslap          |    10 |    12 |    76 |   208 |   387 |    59 ||   752
         Punch             |     4 |     2 |       |       |       |     8 ||    14
  Throw: Throwing net      |     1 |       |       |       |       |       ||     1
         Stone             |       |     6 |       |       |       |       ||     6
 Invoke: Draw Destruction  |       |       |       |     4 |    29 |    24 ||    57
         Draw Summoning    |       |       |       |     2 |     5 |     4 ||    11
         Draw Escape       |       |       |       |       |     4 |     1 ||     5
Ability: Begin Untransform |       |     1 |       |       |       |     1 ||     2
         Breathe Fire      |       |       |    25 |     8 |    11 |     1 ||    45
  Evoke: Wand              |       |       |     2 |     9 |     4 |     8 ||    23
    Use: Scroll            |     4 |     1 |     5 |     7 |     9 |     7 ||    33
         Potion            |     1 |       |     4 |     2 |     5 |     3 ||    15
   Stab: Sleeping          |     1 |       |       |     2 |     1 |    17 ||    21
         Invisible         |       |       |     1 |       |       |       ||     1
         Paralysed         |       |       |     1 |       |       |       ||     1
         Distracted        |       |       |       |       |     4 |     1 ||     5
 Armour: Skin              |    71 |    77 |   251 |   503 |   881 |   470 ||  2253
  Dodge: Dodged            |    81 |    83 |   490 |   781 |  1652 |   499 ||  3586
  Block: Other             |       |       |       |       |    76 |    44 ||   120
         Reflection        |       |       |       |       |    16 |    36 ||    52
         Kite shield       |       |       |       |       |       |   429 ||   429
   Form: Flux              |       |     2 |       |       |     1 |     5 ||     8
         Serpent           |       |       |       |       |     1 |     1 ||     2
         Statue            |       |       |       |       |       |     6 ||     6
         Blade             |       |       |       |       |       |     2 ||     2

Table legend: (Time is in decaauts)
 A = Elapsed time spent in this place.
 B = Non-inter-level travel time spent in this place.
 C = Inter-level travel time spent in this place.
 D = Time resting spent in this place.
 E = Time spent auto-exploring this place.
 F = Levels seen in this place.
 G = Mean time per level.
                   A        B        C        D        E       F      G
               +--------+--------+--------+--------+--------+-----+--------+
         Total |  41300 |  37602 |   3698 |   9105 |  14510 |  32 | 1290.6 |
       Dungeon |  18190 |  16435 |   1755 |   3482 |   6993 |  15 | 1212.7 |
        Temple |    161 |    122 |     39 |     69 |      0 |   1 |  161.0 |
          Lair |  11204 |  10080 |   1124 |   2650 |   3711 |   5 | 2240.8 |
        Shoals |   1851 |   1690 |    161 |    505 |    301 |   2 |  925.5 |
   Spider Nest |   6645 |   6139 |    506 |   1479 |   2741 |   4 | 1661.2 |
  Orcish Mines |   2513 |   2402 |    111 |    818 |    727 |   2 | 1256.5 |
        Bazaar |    238 |    238 |      0 |      0 |     36 |   1 |  238.0 |
       Ossuary |    385 |    385 |      0 |     98 |      0 |   1 |  385.0 |
        Bailey |    108 |    108 |      0 |      4 |      0 |   1 |  108.0 |
               +--------+--------+--------+--------+--------+-----+--------+

Top non-repeatable levels by time:
  Lair:4: 3179 daAuts
Spider:2: 3027 daAuts
  Lair:5: 2365 daAuts
     D:9: 2113 daAuts
  Lair:2: 2085 daAuts
    D:10: 1980 daAuts
Spider:1: 1980 daAuts
  Lair:3: 1789 daAuts
  Lair:1: 1784 daAuts
Shoals:1: 1619 daAuts
Spider:3: 1487 daAuts
    D:14: 1458 daAuts
    D:13: 1452 daAuts
     D:5: 1451 daAuts
     D:7: 1379 daAuts
